 Dungeon Crawl Stone Soup version 0.31-a0-1300-gb6740aa (webtiles) character file.

Game seed: 17118656136814890631

320816 Kearsarge the Merfolkian Porcupine (level 21, -6/306 HPs)
             Began as a Merfolk Fighter on Dec 18, 2023.
             Was an Initiate of Gozag.
             Mangled by a vault warden
             ... wielding a +2 long sword of holy wrath
              (13 damage)
             ... on level 2 of the Vaults.
             The game lasted 00:59:02 (33026 turns).

Kearsarge the Merfolkian Porcupine (MfFi)          Turns: 33026, Time: 00:59:03

Health: -6/306     AC: 21    Str: 32    XL:     21   Next: 26%
Magic:  21/21      EV: 16    Int: 16    God:    Gozag
Gold:   2782       SH:  9    Dex: 15    Spells: 20/20 levels left

rFire   + . .        a - +8 trident (spect)
rCold   + . .        g - +1 buckler {rPois}
rNeg    + . .        W - +2 chain mail of Protective Custody {Slay+2 Stlth+}
rPois   +            m - +3 crown of Dyrovepreva {rElec Int+2 SInv}
rElec   +            C - +2 cloak
rCorr   .            u - +1 pair of gloves of Sunlight {rElec Regen+ Int+2}
SInv    +            E - +1 pair of boots "Rolua" {rN+ Will+}
Will    +....        n - amulet of regeneration Stlth
                     d - ring of Paegouty {rF+ Str+5 Int+3}
HPRegen 2.31/turn    U - ring "Plog" {Fly rC+ Str+2 Int+3}
MPRegen 0.17/turn

%: no passive effects
@: berserking, about to teleport, weak-willed, enlightened, flying, hasted, very
quick
A: (nimble swimmer 2), mertail, dopey 1
}: 2/15 runes: decaying, gossamer
a: Renounce Religion, Potion Petition, Call Merchant, Bribe Branch


You were on level 2 of the Vaults.
You worshipped Gozag.
Gozag was most pleased with you.
You visited 8 branches of the dungeon, and saw 35 of its levels.
You visited the Abyss 1 time.
You also visited: Wizlab.

You collected 17087 gold pieces.
You spent 3701 gold pieces at shops.
You paid 10604 gold pieces to Gozag.

Inventory:

Hand Weapons
 a - a +8 spectral trident (weapon)
Missiles
 w - a throwing net
 B - 11 curare-tipped darts
Armour
 b - the +0 hat "Ushreohy" {rC+ Dex+2}
   (You found it on level 3 of the Dungeon)

   Dex+2:     It affects your dexterity (+2).
   rC+:       It protects you from cold.
 g - a +1 buckler of poison resistance (worn)
 m - the +3 crown of Dyrovepreva (worn) {rElec Int+2 SInv}
   (You found it on level 3 of the Spider Nest)

   Int+2:     It affects your intelligence (+2).
   rElec:     It insulates you from electricity.
   SInv:      It lets you see invisible.
 u - the +1 pair of gloves of Sunlight (worn) {rElec Regen+ Int+2}
   (You bought it in a shop on level 1 of the Spider Nest)

   Int+2:     It affects your intelligence (+2).
   rElec:     It insulates you from electricity.
   Regen+:    It increases your rate of health regeneration.
 C - a +2 cloak (worn)
 E - the +1 pair of boots "Rolua" (worn) {rN+ Will+}
   (You bought it in a shop on level 8 of the Dungeon)

   rN+:       It protects you from negative energy.
   Will+:     It increases your willpower.
 W - the +2 chain mail of Protective Custody (worn) {Slay+2 Stlth+}
   (You bought it in a shop on level 13 of the Dungeon)

   Slay+2:    It affects your accuracy & damage with ranged weapons and melee
   (+2).
   Stlth+:    It makes you more stealthy.
Jewellery
 d - the ring of Paegouty (left hand) {rF+ Str+5 Int+3}
   (You took it off a deep elf sorcerer on level 3 of the Elven Halls)

   [ring of protection from fire]

   Str+5:     It affects your strength (+5).
   Int+3:     It affects your intelligence (+3).
   rF+:       It protects you from fire.
 e - a ring of willpower
 n - an amulet of regeneration (around neck)
 v - a ring of protection from fire
 U - the ring "Plog" (right hand) {Fly rC+ Str+2 Int+3}
   (You found it on level 3 of the Elven Halls)

   [ring of protection from cold]

   Str+2:     It affects your strength (+2).
   Int+3:     It affects your intelligence (+3).
   rC+:       It protects you from cold.
   Fly:       It grants you flight.
Wands
 k - a wand of paralysis (54)
 s - a wand of mindburst (6)
 G - a wand of polymorph (19)
 J - a wand of iceblast (23)
 L - a wand of digging (3)
 T - a wand of acid (15)
Scrolls
 c - 4 scrolls of noise
 h - 6 scrolls of teleportation
 o - 3 scrolls of revelation
 p - 9 scrolls of identify
 r - 3 scrolls of torment
 x - 2 scrolls of vulnerability
 A - 3 scrolls of immolation
 H - 2 scrolls of poison
 K - 4 scrolls of fog
 O - 4 scrolls of amnesia
 P - 7 scrolls of enchant armour
 Q - 2 scrolls of blinking
Potions
 f - 8 potions of mutation
 i - 4 potions of magic
 j - 5 potions of resistance
 l - 7 potions of lignification
 q - 4 potions of enlightenment
 t - 5 potions of haste
 z - 7 potions of curing
 D - 2 potions of attraction
 F - a potion of heal wounds
 I - 3 potions of cancellation
 M - 7 potions of ambrosia
 R - 3 potions of berserk rage
 Y - 3 potions of might
 Z - a potion of invisibility
Miscellaneous
 y - a condenser vane
 N - a box of beasts
 S - a phantom mirror
 X - a phial of floods


   Skills:
 O Level 27 Fighting
 O Level 27 Polearms
 - Level 2.1 Armour
 - Level 15.0 Dodging
 + Level 14.8 Shields


You had 20 spell levels left.
You didn't know any spells.
Your spell library contained the following spells:

 Spells                   Type           Power      Damage    Failure   Level
 Foxfire                  Conj/Fire      0%         2x1d4     71%         1
 Slow                     Hex            0%         N/A       71%         1
 Sting                    Tmut/Pois      0%         1d3       71%         1
 Ensorcelled Hibernation  Hex/Ice        0%         N/A       85%         2
 Jinxbite                 Hex            0%         N/A       85%         2
 Poisonous Vapours        Pois/Air       0%         N/A       85%         2
 Wereblood                Tmut           0%         N/A       85%         2
 Confusing Touch          Hex            0%         N/A       97%         3
 Frozen Ramparts          Ice            0%         1d1       97%         3
 Sigil of Binding         Hex            0%         N/A       97%         3
 Swiftness                Air            0%         N/A       97%         3
 Tukima's Dance           Hex            0%         N/A       97%         3
 Vampiric Draining        Necr           0%         2d6       97%         3
 Anguish                  Hex/Necr       0%         N/A       100%        4
 Cause Fear               Hex            0%         N/A       100%        4
 Leda's Liquefaction      Tmut/Erth      0%         N/A       100%        4
 Olgreb's Toxic Radiance  Pois           0%         N/A       100%        4
 Passage of Golubria      Tloc           0%         N/A       100%        4
 Petrify                  Tmut/Erth      0%         N/A       100%        4
 Summon Ice Beast         Ice/Summ       0%         N/A       100%        4
 Summon Lightning Spire   Summ/Air       0%         N/A       100%        4
 Vhi's Electric Charge    Tloc/Air       0%         N/A       100%        4
 Arcjolt                  Conj/Air       0%         1d10      100%        5
 Irradiate                Conj/Tmut      0%         3d11      100%        5
 Metabolic Englaciation   Hex/Ice        0%         N/A       100%        5
 Yara's Violent Unravell  Hex/Tmut       0%         3d3       100%        5
 Plasma Beam              Fire/Air       0%         2x1d10    100%        6
 Summon Cactus Giant      Summ           0%         N/A       100%        6
 Enfeeble                 Hex            0%         N/A       100%        7
 Spellforged Servitor     Conj/Summ      0%         N/A       100%        7
 Maxwell's Capacitive Co  Air            0%         ∞         100%        8


Dungeon Overview and Level Annotations

Branches:
Dungeon (14/15)            Temple (1/1) D:5            Lair (5/5) D:11
  Swamp (4/4) Lair:3       Spider (4/4) Lair:2          Orc (2/2) D:9
    Elf (3/3) Orc:2        Vaults (2/5) D:14         WizLab (visited)
  Slime: Lair:4-5     Crypt: Vaults:2-3

Altars:
Ashenzari
Cheibriados
Dithmenos
Elyvilon
Fedhas
Gozag
Hepliaklqana
Kikubaaqudgha
Makhleb
Nemelex Xobeh
Okawaru
Qazlal
Ru
Sif Muna
Trog
Uskayaw
Vehumet
Wu Jian
Xom
Zin
The Shining One

Shops:
D:8 [[   D:9 (   D:10 *   D:13 =[   D:14 [=   Orc:2 [!([   Lair:1 *   Lair:4 =
Spider:1 [   Vaults:1 *

Portals:
Bazaar: Elf:3

Annotations:
D:6 Pikel
Lair:2 exclusion: oklob plant
Lair:5 exclusion: 2 oklob plants
Orc:1 2 runed translucent doors, Zalib's ghost, journeyman DsHu
Elf:2 3 runed translucent doors


Innate Abilities, Weirdness & Mutations

((You are very nimble when in or above water. (Stealth+, EV+, Speed+++)))
Your lower body shifts to a powerful aquatic tail in water.
You are dopey. (Int -2)


Message History

The dire elephant tramples you.
* * * LOW HITPOINT WARNING * * *
You hold your ground!
The dire elephant trunk-slaps you but does no damage.
You block the vault guard's attack. The vault warden barely misses you.
The vault warden blocks your attack.
The dire elephant tramples you but does no damage.
You block the dire elephant's attack. The dire elephant tramples you!!
* * * LOW HITPOINT WARNING * * *
You hold your ground!
The dire elephant barely misses you. The vault guard closely misses you.
The vault warden hits you with a +2 long sword of holy wrath!!
* * * LOW HITPOINT WARNING * * *
The vault warden blocks your attack. The vault warden blocks your attack.
You hit the vault warden.
The vault warden is lightly wounded.
The dire elephant tramples you!
* * * LOW HITPOINT WARNING * * *
You hold your ground!
The dire elephant closely misses you. The dire elephant misses you.
The dire elephant barely misses you.
The vault guard hits you from afar with a +1 glaive!
* * * LOW HITPOINT WARNING * * *
The vault warden hits you but does no damage.
You puncture the vault warden!
The vault warden is lightly wounded.
You barely miss the vault warden.
The vault warden is lightly wounded.
You spit the vault warden like a pig!!!
The vault warden is heavily wounded.
You block the dire elephant's attack. The dire elephant barely misses you.
The dire elephant tramples you!!
* * * LOW HITPOINT WARNING * * *
You hold your ground!
The dire elephant trunk-slaps you but does no damage.
The vault sentinel blows a loud note on a signal horn!
The vault guard hits you but does no damage.
The vault warden hits you with a +2 long sword of holy wrath!
You die...
Your body crumbles into a pile of gold.

#############
....ppp@YYY.#
....Gp##Y#..#
##... #p...#
#.. ...#.#
... .... # ##
##+###


You could see 4 dire elephants, a vault warden, 2 vault guards, a great orb of
eyes, a vault sentinel and an ironbound convoker.

Vanquished Creatures
  Bai Suzhen (Swamp:3)
  Arachne (Spider:3)
  A tentacled monstrosity (Swamp:3)
  Rupert (Lair:3)
  2 deep elf blademasters (Elf:3)
  4 deep elf master archers (Elf:3)
  2 liches (WizLab)
  An Executioner (Abyss:3)
  An ancient champion (WizLab)
  Kirke (D:12)
  Donald (Elf:2)
  2 fenstrider witches
  3 vault wardens
  7 deep elf sorcerers
  6 emperor scorpions
  5 deep elf elementalists (Elf:3)
  7 ghost moths
  5 ghouls
  6 ironbound preservers
  2 cacodemons (Abyss:3)
  4 broodmothers (Spider:4)
  An ironbound thunderhulk (Vaults:1)
  An eleionoma (Swamp:2)
  2 deep elf death magi
  A starcursed mass (Abyss:3)
  9 deep elf annihilators
  4 deep elf demonologists (Elf:3)
  5 dire elephants (Vaults:1)
  2 bunyips
  4 spark wasps
  3 entropy weavers
  6 yaktaur captains
  An entropy weaver (shapeshifter) (D:13)
  A jiangshi (WizLab)
  6 deep elf high priests
  Erolcha (D:12)
  29 hydras
  An ogre mage (D:13)
  A ghost crab (Swamp:4)
  A jorogumo (Spider:2)
  7 alligators
  A peacekeeper (Vaults:2)
  4 catoblepae
  6 radroaches
  5 ironbound frosthearts (Vaults:1)
  12 centaur warriors
  12 boulder beetles
  2 death knights (D:14)
  5 two-headed ogres
  4 death yaks (Lair:2)
  12 demonic crawlers
  11 dancing weapons
  5 orc high priests
  5 tengu warriors
  Sonja (Orc:1)
  Nergalle (D:12)
  14 deep elf knights
  A sun demon (Abyss:3)
  3 pharaoh ants
  A skyshark (Lair:3)
  A spatial maelstrom (Abyss:3)
  A spriggan druid (Swamp:2)
  A sixfirhy (Abyss:3)
  4 skeletal warriors (WizLab)
  Lodul (D:11)
  A sun moth (Spider:4)
  6 goliath frogs
  7 swamp dragons
  8 bog bodies
  3 ironbound convokers (Vaults:1)
  16 deep trolls
  9 orb spiders
  13 deep elf archers
  A glowing orange brain (Abyss:3)
  7 phantasmal warriors
  7 steelbarb worms
  4 arcanists (Vaults:1)
  6 orc knights
  10 large abominations (Abyss:3)
  25 deep elf pyromancers
  4 lindwurms (Vaults:1)
  18 deep elf zephyrmancers
  14 ugly things
  3 cyclopes
  2 oklob plants (D:11)
  3 manticores
  Maurice (D:7)
  5 will-o-the-wisps
  2 orc sorcerers (Orc:2)
  24 wolf spiders
  4 black mambas
  A stone giant zombie (WizLab)
  6 elephants
  3 kobold blastminers (Orc:1)
  An apocalypse crab (Abyss:3)
  3 moths of wrath
  5 vault sentinels
  A black mamba (shapeshifter) (Elf:3)
  An ice statue (Elf:3)
  7 torpor snails
  13 cane toads
  2 gargoyles
  An unseen horror (D:13)
  21 yaktaurs
  A freezing wraith (D:14)
  Psyche (D:10)
  4 kobold demonologists
  An efreet (D:13)
  5 rime drakes
  4 tengu conjurers (D:13)
  9 komodo dragons
  2 bloated husks
  2 ice devils (D:12)
  7 tyrant leeches
  7 polar bears
  13 hornets
  9 trolls
  14 blink frogs
  21 tarantellas
  4 meliai
  5 dream sheep
  A glass eye (D:9)
  An ettin zombie (WizLab)
  A flying skull (Abyss:3)
  2 stone giant simulacra (WizLab)
  An air elemental (Elf:3)
  18 culicivoras
  37 jumping spiders
  15 slime creatures
  4 shadows
  16 spriggans
  8 water elementals
  3 wyverns
  4 vampires (WizLab)
  32 yaks
  Eustachio (D:4)
  3 hogs (D:12)
  5 wraiths
  A hog (shapeshifter) (D:13)
  3 basilisks
  2 fire elementals
  3 steam dragons
  40 redbacks
  4 vampire mosquitoes
  A spatial vortex (Abyss:3)
  13 swamp worms
  18 small abominations (Abyss:3)
  An acid dragon (D:10)
  14 water moccasins
  The ghost of PiratePeteNZ the Firebug, an amateur DEFE (D:3)
  7 swamp drakes
  A deep troll skeleton (WizLab)
  34 orc warriors
  2 black bears
  An ettin simulacrum (WizLab)
  16 ogres
  17 centaurs
  24 wolves
  3 boggarts (Lair:5)
  A phantom (D:5)
  15 bullfrogs
  8 kobold brigands
  Blork the orc (D:6)
  2 gnoll sergeants (D:6)
  A cyclops zombie (WizLab)
  3 earth elementals (Elf:1)
  A necrophage (Swamp:3)
  3 scorpions
  A cyclops skeleton (WizLab)
  4 killer bees (D:11)
  4 electric eels
  8 howler monkeys (D:6)
  8 hounds
  27 orc priests
  2 cyclops simulacra (WizLab)
  2 gnoll boudas
  A sleepcap (D:4)
  Natasha (twice) (D:3)
  3 iguanas
  21 orc wizards
  11 gnolls
  6 adders
  A white imp (D:7)
  2 ufetubi (D:5)
  3 worms
  3 dart slugs
  88 orcs
  9 endoplasms
  5 giant cockroaches
  8 goblins
  4 hobgoblins
  3 jackals (D:1)
  26 kobolds
  4 quokkas
  2 ball pythons (D:1)
  7 bats
  3 rats
1300 creatures vanquished.

Vanquished Creatures (collateral kills)
  the Lernaean hydra (Swamp:4)
  A deep elf death mage (Elf:3)
  An orc high priest (Orc:2)
  A deep elf knight (Elf:3)
  A deep elf zephyrmancer (Elf:3)
  2 orc warriors (Orc:2)
  7 orc priests (Orc:2)
  5 orcs (Orc:2)
19 creatures vanquished.

Vanquished Creatures (others)
  An alligator (Swamp:3)
  A centaur warrior (D:13)
  A bloated husk (Swamp:3)
  A culicivora (Spider:2)
  8 foxfires
  51 spectral weapons
63 creatures vanquished.

Grand Total: 1382 creatures vanquished

Notes
Turn   | Place    | Note
-------+----------+-------------------------------------------
     0 | D:1      | Kearsarge the Merfolk Fighter began the quest for the Orb.
     0 | D:1      | Reached XP level 1. HP: 18/18 MP: 1/1
   186 | D:1      | Found a faded altar of an unknown god.
   194 | D:1      | Reached XP level 2. HP: 24/24 MP: 2/2
   763 | D:2      | Reached XP level 3. HP: 29/30 MP: 3/3
  1187 | D:2      | Reached XP level 4. HP: 37/37 MP: 4/4
  1434 | D:2      | Reached skill level 5 in Polearms
  1726 | D:3      | Identified the +1 pair of gloves of Letsah {Dex+3}
  1982 | D:3      | Noticed Natasha
  2001 | D:3      | Killed Natasha
  2002 | D:3      | Reached XP level 5. HP: 22/43 MP: 5/5
  2216 | D:3      | Noticed Natasha
  2225 | D:3      | Killed Natasha
  2251 | D:3      | Found a stormy altar of Qazlal.
  2276 | D:3      | Found a runed translucent gate.
  2276 | D:3      | Noticed PiratePeteNZ's ghost (amateur DEFE)
  2277 | D:3      | Found a runed translucent gate.
  2278 | D:3      | Found a runed translucent gate.
  2279 | D:3      | Identified the +4 scale mail of Xuhelei {Rampage Str+4}
  2343 | D:3      | Killed PiratePeteNZ's ghost
  2344 | D:3      | Reached skill level 5 in Fighting
  2344 | D:3      | Reached XP level 6. HP: 51/51 MP: 6/6
  2402 | D:3      | Identified the +0 hat "Ushreohy" {rC+ Dex+2}
  2701 | D:4      | Found a glowing silver altar of Zin.
  2701 | D:4      | Found a bloodstained altar of Trog.
  2731 | D:4      | Reached XP level 7. HP: 56/56 MP: 7/7
  2897 | D:4      | Noticed Eustachio
  2920 | D:4      | Killed Eustachio
  2950 | D:4      | Found a hazy altar of Hepliaklqana.
  3347 | D:5      | Entered Level 5 of the Dungeon
  3404 | D:5      | Reached skill level 10 in Polearms
  3404 | D:5      | Reached XP level 8. HP: 29/65 MP: 8/8
  3514 | D:5      | Found a staircase to the Ecumenical Temple.
  3606 | Temple   | Entered the Ecumenical Temple
  3704 | D:5      | Found a sparkling altar of Nemelex Xobeh.
  3777 | D:5      | Identified the +9 dagger "Vuohibull" {heavy, rC+ rN+ Will-
                  | Dex+3}
  3895 | D:5      | Found a broken altar of Ashenzari.
  4181 | D:6      | Identified a scroll of acquirement
  4182 | D:6      | Acquired 1022 gold pieces
  4202 | D:6      | Found an opulent altar of Gozag.
  4211 | D:6      | Became a worshipper of Gozag Ym Sagoz the Greedy
  4330 | D:6      | Reached XP level 9. HP: 74/74 MP: 9/9
  4335 | D:6      | Noticed Blork the orc
  4351 | D:6      | Killed Blork the orc
  4438 | D:6      | Noticed a two-headed ogre
  4445 | D:6      | Killed a two-headed ogre
  4597 | D:6      | Reached XP level 10. HP: 81/83 MP: 10/10
  4729 | D:6      | Reached skill level 15 in Polearms
  4801 | D:6      | Noticed Pikel
  4995 | D:6      | Noticed a boulder beetle
  5212 | D:7      | Noticed Maurice
  5223 | D:7      | Killed Maurice
  5224 | D:7      | Reached skill level 10 in Fighting
  5839 | D:8      | Found Emnur's Antique Armour Shoppe.
  5846 | D:8      | Bought a fine scale mail for 243 gold pieces
  5846 | D:8      | Identified the +0 scale mail of the Shoals {rPois Str+4
                  | Int+3} (You bought it in a shop on level 8 of the Dungeon)
  5851 | D:8      | Bought a pair of dazzling boots for 323 gold pieces
  5851 | D:8      | Identified the +1 pair of boots "Rolua" {rN+ Will+} (You
                  | bought it in a shop on level 8 of the Dungeon)
  5851 | D:8      | Bought a pair of crude gloves for 323 gold pieces
  5851 | D:8      | Identified the +2 pair of gloves of Viwah {^Drain +Inv Fly
                  | SInv} (You bought it in a shop on level 8 of the Dungeon)
  5908 | D:8      | Got the Almanac of Inconstant Invitation
  6028 | D:8      | Found a hide-covered altar of Uskayaw.
  6672 | D:9      | Reached XP level 11. HP: 92/92 MP: 11/11
  6692 | D:8      | Bought a pair of slimy gloves for 323 gold pieces
  6692 | D:8      | Identified the +1 pair of gloves of Happiness {-Cast Fly
                  | rElec rPois} (You bought it in a shop on level 8 of the
                  | Dungeon)
  6859 | D:9      | Found a staircase to the Orcish Mines.
  6861 | D:9      | Found Yxzoy's Weapon Shoppe.
  6900 | D:9      | Noticed Erica
  6901 | D:9      | Noticed Erica
  6908 | D:9      | Killed Erica the glass eye
  6974 | D:9      | Noticed a manticore
  6981 | D:9      | Killed a manticore
  7443 | D:10     | Entered Level 10 of the Dungeon
  7477 | D:8      | Bought a steaming chain mail for 323 gold pieces
  7477 | D:8      | Identified the +5 chain mail of Vanity {Harm rN+ Will-
                  | Str+3} (You bought it in a shop on level 8 of the Dungeon)
  7669 | D:10     | Noticed Psyche
  7677 | D:10     | Found Ibijou's Assorted Antiques.
  7678 | D:10     | Killed Psyche
  7729 | D:10     | Bought a viscous golden potion for 27 gold pieces
  7729 | D:10     | Bought a glowing emerald potion for 27 gold pieces
  7850 | D:10     | Found a radiant altar of Vehumet.
  8361 | D:11     | Noticed a two-headed ogre
  8363 | D:11     | Noticed Lodul
  8375 | D:11     | Killed a two-headed ogre
  8380 | D:11     | Killed Lodul
  8480 | D:11     | Found a staircase to the Lair.
  8480 | D:11     | Noticed an oklob plant
  8582 | D:11     | Noticed an oklob plant
  8612 | D:11     | Got the Commentary on the Cloudy Coward
  8770 | D:11     | Noticed a two-headed ogre
  8774 | D:11     | Killed a two-headed ogre
  8775 | D:11     | Reached XP level 12. HP: 100/103 MP: 12/12
  9037 | Orc:1    | Entered Level 1 of the Orcish Mines
  9037 | Orc:1    | Noticed Sonja
  9042 | Orc:1    | Killed Sonja
  9202 | Orc:1    | Found a large runed translucent door.
  9203 | Orc:1    | Found a large runed translucent door.
  9205 | Orc:1    | Noticed Zalib's ghost (journeyman DsHu)
  9267 | Orc:1    | Reached skill level 5 in Dodging
  9482 | Orc:2    | Entered Level 2 of the Orcish Mines
  9486 | Orc:2    | Noticed a two-headed ogre
  9494 | Orc:2    | Killed a two-headed ogre
  9528 | Orc:2    | Found a staircase to the Elven Halls.
  9582 | Orc:1    | Noticed an orc high priest
  9612 | Orc:1    | Killed an orc high priest
 10025 | Orc:2    | Reached skill level 10 in Dodging
 10025 | Orc:2    | Noticed an orc high priest
 10054 | Orc:2    | Killed an orc high priest
 10241 | Orc:2    | Noticed an orc high priest
 10244 | Orc:2    | Noticed an orc high priest
 10489 | Orc:2    | Noticed a sun demon
 10496 | Orc:2    | Killed an orc high priest
 10497 | Orc:2    | Reached XP level 13. HP: 109/109 MP: 13/13
 10854 | Orc:2    | Found Oduvequq's Armour Shoppe.
 10854 | Orc:2    | Found Wuiqih's Armour Shoppe.
 10855 | Orc:2    | Found Ulull's Distillery.
 10855 | Orc:2    | Found Goc Xaopu's Weapon Shoppe.
 10863 | Orc:2    | Bought a potion of cancellation for 104 gold pieces
 10863 | Orc:2    | Bought a potion of lignification for 39 gold pieces
 10863 | Orc:2    | Bought a potion of heal wounds for 65 gold pieces
 10863 | Orc:2    | Bought a potion of attraction for 39 gold pieces
 10863 | Orc:2    | Bought 2 potions of enlightenment for 130 gold pieces
 11007 | Lair:1   | Entered Level 1 of the Lair of Beasts
 11010 | Lair:1   | Bought a potion of heal wounds for 75 gold pieces
 11010 | Lair:1   | Bought a potion of curing for 45 gold pieces
 11128 | Lair:1   | Reached skill level 15 in Dodging
 12293 | Lair:2   | Found a blossoming altar of Fedhas.
 12597 | Lair:2   | Found a hole to the Spider Nest.
 13078 | Lair:3   | Noticed Rupert
 13107 | Lair:3   | Killed Rupert
 13108 | Lair:3   | Reached XP level 14. HP: 52/121 MP: 14/14
 13414 | Lair:3   | Reached skill level 15 in Fighting
 13677 | Lair:3   | Found a staircase to the Swamp.
 14506 | Lair:5   | Entered Level 5 of the Lair of Beasts
 15269 | Lair:5   | Reached XP level 15. HP: 102/134 MP: 15/15
 16075 | D:12     | Noticed Kirke
 16079 | D:12     | Noticed a sphinx
 16109 | D:12     | Killed Kirke
 16232 | D:12     | Noticed Erolcha
 16245 | D:12     | Killed Erolcha
 16326 | D:12     | Noticed Nergalle
 16333 | D:12     | Killed Nergalle
 16460 | D:12     | Found a frozen archway.
 18094 | D:13     | Bought a twisted chain mail for 323 gold pieces
 18094 | D:13     | Identified the +2 chain mail of Protective Custody {Slay+2
                  | Stlth+} (You bought it in a shop on level 13 of the
                  | Dungeon)
 18160 | Elf:1    | Entered Level 1 of the Elven Halls
 18221 | Elf:1    | Reached XP level 16. HP: 147/147 MP: 16/16
 19049 | Elf:2    | Noticed Donald
 19065 | Elf:2    | Killed Donald
 19218 | Abyss:3  | Cast into level 3 of the Abyss (a deep elf sorcerer)
 19349 | Abyss:3  | Found a corrupted altar of Lugonu.
 19351 | Abyss:3  | Found a corrupted altar of Lugonu.
 19351 | Abyss:3  | Found a corrupted altar of Lugonu.
 19353 | Abyss:3  | Noticed a lich
 19469 | Abyss:3  | Found a corrupted altar of Lugonu.
 19492 | Abyss:3  | Gained mutation: You are dopey. (Int -2) [a cacodemon]
 19493 | Abyss:3  | Noticed an Executioner
 19504 | Abyss:3  | Killed an Executioner
 19608 | Elf:2    | Escaped the Abyss
 19769 | Elf:2    | Found a runed translucent gate.
 19769 | Elf:2    | Found a runed translucent gate.
 19783 | Elf:2    | Found a runed translucent gate.
 20059 | Elf:2    | Reached XP level 17. HP: 159/159 MP: 17/17
 20195 | Elf:3    | Entered Level 3 of the Elven Halls
 20205 | Elf:3    | Found a huge runed translucent gate.
 20205 | Elf:3    | Found a huge runed translucent gate.
 20205 | Elf:3    | Found a huge runed translucent gate.
 20205 | Elf:3    | Found a huge runed translucent gate.
 20205 | Elf:3    | Found a huge runed translucent gate.
 20205 | Elf:3    | Found a huge runed translucent gate.
 20205 | Elf:3    | Found a huge runed translucent gate.
 20205 | Elf:3    | Found a huge runed translucent gate.
 20205 | Elf:3    | Found a huge runed translucent gate.
 20205 | Elf:3    | Found a huge runed translucent gate.
 20205 | Elf:3    | Found a huge runed translucent gate.
 20239 | Elf:3    | Found a huge runed translucent gate.
 20239 | Elf:3    | Found a huge runed translucent gate.
 20239 | Elf:3    | Found a huge runed translucent gate.
 20239 | Elf:3    | Found a huge runed translucent gate.
 20239 | Elf:3    | Found a huge runed translucent gate.
 20239 | Elf:3    | Found a huge runed translucent gate.
 20239 | Elf:3    | Found a huge runed translucent gate.
 20239 | Elf:3    | Found a huge runed translucent gate.
 20239 | Elf:3    | Found a huge runed translucent gate.
 20491 | Elf:3    | Noticed a deep elf master archer
 20498 | Elf:3    | Killed a deep elf master archer
 20839 | Elf:3    | Found a gateway to a bazaar.
 21319 | Elf:3    | Noticed a deep elf blademaster
 21327 | Elf:3    | Killed a deep elf blademaster
 21327 | Elf:3    | Noticed a deep elf master archer
 21332 | Elf:3    | Killed a deep elf master archer
 21482 | Elf:3    | Noticed a deep elf master archer
 21492 | Elf:3    | Killed a deep elf master archer
 21507 | Elf:3    | Identified the +8 morningstar "Otoostis" {holy, rPois rF+
                  | MP+9}
 21508 | Elf:3    | Identified the +3 double sword of Impermanence {venom,
                  | rN++}
 21513 | Elf:3    | Identified the ring of Paegouty {rF+ Str+5 Int+3}
 21528 | Elf:3    | Reached XP level 18. HP: 127/172 MP: 18/18
 21564 | Elf:3    | Identified the ring "Ojoqir" {rPois Will+ Int+6 Dex-3}
 21596 | Elf:3    | Noticed a deep elf blademaster
 21606 | Elf:3    | Killed a deep elf blademaster
 21659 | Elf:3    | Identified the ring "Aham" {rC+ Dex+2}
 21718 | Elf:3    | Identified the ring "Plog" {Fly rC+ Str+2 Int+3}
 21741 | Elf:3    | Got the Tractate on Gelid Hurting
 21763 | Elf:3    | Identified the ring "Ixtyig" {*Slow Int+4 Dex+6 Stlth+}
 21861 | Elf:3    | Identified the staff of Kaaniu {rN+ Conj Necro}
 21902 | Elf:3    | Noticed a deep elf master archer
 21906 | Elf:3    | Killed a deep elf master archer
 22253 | Swamp:1  | Entered Level 1 of the Swamp
 23050 | Swamp:2  | Found a bloodstained altar of Trog.
 23208 | Swamp:2  | Identified the +8 morningstar of Coshadi {elec, *Corrode
                  | rElec Will- Str+6}
 23375 | Swamp:2  | You are sucked into a shaft and drop 1 floor!
 23381 | Swamp:3  | Noticed a tentacled monstrosity
 23557 | Swamp:3  | Killed a tentacled monstrosity
 23735 | Swamp:3  | Identified the serpent talisman "Xoec" {Dex+2}
 23838 | Swamp:3  | Noticed Bai Suzhen
 23945 | Swamp:3  | Killed Bai Suzhen
 24222 | Swamp:4  | Entered Level 4 of the Swamp
 24480 | Swamp:4  | Noticed the 27-headed Lernaean hydra
 24482 | Swamp:4  | Killed the 27-headed Lernaean hydra
 24589 | Swamp:4  | Reached XP level 19. HP: 155/184 MP: 19/19
 24617 | Swamp:4  | Got a decaying rune of Zot
 24620 | Swamp:4  | Got a mossy gem
 24771 | Spider:1 | Entered Level 1 of the Spider Nest
 24774 | Spider:1 | Bought the +1 pair of gloves of Sunlight {rElec Regen+
                  | Int+2} for 360 gold pieces
 24794 | Spider:1 | Bought a +1 buckler of poison resistance for 175 gold
                  | pieces
 24794 | Spider:1 | Bought a +2 helmet of see invisible for 279 gold pieces
 26082 | Spider:1 | Reached skill level 27 in Polearms
 26933 | Spider:2 | Acquired 1065 gold pieces
 27691 | Spider:3 | Found the +3 crown of Dyrovepreva {rElec Int+2 SInv}
 27819 | Spider:3 | Noticed Arachne
 27832 | Spider:3 | Killed Arachne
 28508 | Spider:4 | Entered Level 4 of the Spider Nest
 28551 | Spider:4 | Reached skill level 27 in Fighting
 28955 | Spider:4 | Reached skill level 5 in Shields
 29150 | Spider:4 | Reached XP level 20. HP: 197/197 MP: 8/20
 29905 | Spider:4 | Got a gossamer rune of Zot
 30288 | D:14     | Bought a shimmering ring mail for 342 gold pieces
 30288 | D:14     | Identified the +1 ring mail of the Black Moon {Fly} (You
                  | bought it in a shop on level 14 of the Dungeon)
 30490 | D:14     | Reached skill level 10 in Shields
 30626 | D:14     | Found a gate to the Vaults.
 30815 | Vaults:1 | Entered Level 1 of the Vaults
 31396 | Vaults:1 | Found a magical portal.
 31436 | WizLab   | Entered Zonguldrok's Shrine
 32043 | Vaults:1 | Reached XP level 21. HP: 95/204 MP: 21/21
 32394 | Vaults:1 | Identified the +0 plate armour of Hangman {rElec Will+
                  | Str-2 Dex+5}
 32451 | Vaults:1 | Found Ricakhiy's Assorted Antiques.
 32455 | Vaults:1 | Bought a potion of might for 136 gold pieces
 33026 | Vaults:2 | HP: 7/306 [dire elephant (25)]
 33026 | Vaults:2 | Mangled by a vault warden

Illustrated notes

Levels and vault maps discovered:
D:1:      mrwooster_arrival_statue, layout_loops_corners,
          ebering_ecumenical_altar_box, st_stairs_4, minmay_cut_off
D:2:      layout_basic
D:3:      minmay_evil_eye, layout_loops_ring, mainiacjoe_overflow_brackets,
          biasface_ghost_orc_armoury, uniq_natasha
D:4:      cheibrodos_thug_alley, layout_loops_ring,
          nicolae_hepliaklqana_hazy_memory,
          chequers_temple_overflow_statue_of_worship, uniq_eustachio
D:5:      layout_loops_ring, nemelex_diamond_rough_becter,
          nicolae_ashenzari_skybound, temple_doors_cd, corexii_leaking_fountain,
          minmay_checkerbox
D:6:      lemuel_castle_with_subvaults [lemuel_castle_interior_original],
          layout_rooms, mainiacjoe_overflow_catwalk, serial_aquarium,
          aquarium_bridge_long_joined [aquarium_subvault_bridge,
          aquarium_subvault_bridge, aquarium_subvault_window,
          aquarium_subvault_bridge, aquarium_subvault_bridge,
          aquarium_subvault_balcony], aquarium_window_corner, aquarium_window_1,
          aquarium_view_2e, aquarium_pool_corner, uniq_blork_the_orc, uniq_pikel
D:7:      layout_loops_ring, uniq_maurice
D:8:      layout_loops_ring, mainiacjoe_overflow_paths,
          nicolae_overflow_hidden_temple, serial_shops, shop, bh_walls_and_bars
D:9:      layout_long_grid, orc_david_3, nrook_uturn, minivault_25_ag,
          uniq_erica
D:10:     layout_irregular_city, lemuel_tele_altar, serial_shops,
          nicolae_shop_advertising_works [nicolae_subvault_shop_adworks],
          uniq_psyche
D:11:     layout_rooms, dpeg_oklobed_lair, uniq_lodul
D:12:     layout_roguey, portal_ice_cave_demonic_guard,
          chequers_serial_rivers_micro_b, kennysheep_flooded_box, uniq_erolcha,
          uniq_kirke, uniq_nergalle
D:13:     nzn_winding_woodlands_large [nzn_winding_woodlands_5x5_checkerboard,
          nzn_winding_woodlands_5x15_sidewinder,
          nzn_winding_woodlands_hourglass,
          nzn_winding_woodlands_center_triple_pond,
          nzn_winding_woodlands_15x15_five_gardens,
          nzn_winding_woodlands_center_pierced_h,
          nzn_winding_woodlands_5x5_three, nzn_winding_woodlands_5x15_crooked,
          nzn_winding_woodlands_5x5_cross], layout_loops_ring
D:14:     layout_roguey, hellmonk_vaults_attempted_burglary,
          serial_park_fountain, serial_bayou_lake_a
Temple:   hellmonk_temple_forest_ring
Lair:1:   layout_layer_cave, serial_bayou, serial_bayou_pond_e,
          serial_bayou_ford_a, serial_bayou_pond_a, serial_bayou_shore_b,
          grunt_megastairs_4
Lair:2:   layout_gridlike, spider_nest_entry_web_field, tgw_fedhas
Lair:3:   layout_hall_layers, nicolae_swamp_entry_splash_gauntlet,
          serial_forest, infiniplex_forest_lined_room_,
          infiniplex_forest_diagonal, infiniplex_forest_straight_3,
          infiniplex_forest_zigzag_1, infiniplex_forest_clump_curved,
          infiniplex_forest_lined_room_3, infiniplex_forest_lined_ring,
          uniq_rupert
Lair:4:   layout_loops_ring, grunt_megastairs_1
Lair:5:   minmay_lair_end_enchanted_forest, layout_loops_ring,
          minmay_slime_entry_oklob_enclosed, patterned_corridor,
          infiniplex_staircase_pool_2
Swamp:1:  layout_falls_marsh, nicolae_swamp_bean_lake,
          nicolae_swamp_tree_isthmus
Swamp:2:  layout_basic_swamp, nicolae_swamp_godswood
Swamp:3:  layout_falls_marsh, nicolae_swamp_trees_clearing,
          infiniplex_staircase_pool, uniq_bai_suzhen
Swamp:4:  swamp_old_school, layout_basic_swamp
Spider:1: layout_cave_pods, nicolae_spider_rock_and_or_roll
Spider:2: layout_spider_delve
Spider:3: layout_chambers, spiders_nest_the_unseen,
          hangedman_spider_tarantella_strand, uniq_arachne
Spider:4: guppyfry_spider_rune, nicolae_spider_bug_shape
Orc:1:    layout_caves, ebering_ghost_disaster_area, uniq_sonja
Orc:2:    st_orc_pillars, layout_caves, nicolae_orc_lava_room
Elf:1:    elf_arrival_001, layout_rooms, kennysheep_underground_church,
          st_stairs_1, abandoned_shop
Elf:2:    nicolae_elf_blades_splatter_lattice [nicolae_blade_entry_pointy_end],
          layout_rooms, dk_noncrumbling_2, hangedman_elven_ridges, minivault_5,
          uniq_donald
Elf:3:    minmay_elf_hall_furrowed, layout_rooms, serial_shops, statue_bzr,
          hangedman_elf_represent
Vaults:1: infiniplex_enter_wizlab_glasses, nicolae_vaults_little_squares_2,
          dpeg_vaults_monster_box, v_pattern_4, v_rooms_2, v_misc_12,
          nicolae_vaults_door_testing_chamber, layout_vaults_omnigrid,
          serial_shops, nicolae_shop_back_alley_shop
Vaults:2: st_star, hangedman_vaults_slice, minmay_crypt_entry_simple_box,
          ontoclasm_vaults_idyll, nicolae_vaults_octothorpe,
          nicolae_vaults_network_quinsquares
          [nicolae_vaults_network_quincunx_subvault,
          nicolae_vaults_network_quincunx_subvault,
          nicolae_vaults_network_quincunx_subvault,
          nicolae_vaults_network_quincunx_subvault],
          nicolae_vaults_trapezoid_lopsided_4, vaults_room_fours, v_misc_2,
          hangedman_vaults_locks, vaults_room_pool, v_misc_14,
          vaults_room_door_hall, nicolae_vaults_trapezoid_3,
          layout_vaults_omnicross, serial_shops, nicolae_shop_rolling_square

Skill      XL: |  1  2  3  4  5  6  7  8  9 10 11 12 13 14 15 16 17 18 19 20 21 |
---------------+----------------------------------------------------------------+-----
Polearms       | 3 4 5 6 8 10 12 14 17 19 20 21 23 24 25 26 27 | 27.0
Fighting       | 4 5 6 7 9 10 12 14 17 19 21 23 25 27 | 27.0
Dodging        | 12 15 | 15.0
Shields        | 5 13 14 | 14.8
Armour         | |  2.1

Action                     |  1- 3 |  4- 6 |  7- 9 | 10-12 | 13-15 | 16-18 | 19-21 || total
---------------------------+-------+-------+-------+-------+-------+-------+-------++-------
  Melee: Trident           |   101 |   180 |   286 |   598 |   880 |   857 |  1158 ||  4060
         Tailslap          |       |     1 |     3 |     1 |       |       |       ||     5
  Throw: Dart              |       |       |       |     2 |     2 |       |       ||     4
         Throwing net      |       |       |       |     1 |       |       |       ||     1
 Invoke: Potion Petition   |       |       |       |     2 |       |     2 |     1 ||     5
         Call Merchant     |       |       |       |     1 |     4 |       |     3 ||     8
  Evoke: Wand              |       |       |    11 |    11 |       |     7 |     1 ||    30
         Box of beasts     |       |       |       |       |     1 |       |       ||     1
         Phantom mirror    |       |       |       |       |       |     1 |       ||     1
    Use: Scroll            |       |     6 |     3 |    15 |    19 |    12 |    10 ||    65
         Potion            |       |     1 |       |     2 |     8 |     6 |     5 ||    22
   Stab: Distracted        |       |       |     2 |    12 |    19 |    31 |    39 ||   103
         Paralysed         |       |       |     2 |     4 |       |       |       ||     6
         Petrified         |       |       |       |       |    16 |       |       ||    16
 Armour: Scale mail        |    62 |   134 |   103 |   208 |   269 |       |       ||   776
         Chain mail        |       |       |       |       |       |   309 |   623 ||   932
  Dodge: Dodged            |    39 |    74 |    57 |   125 |   300 |   166 |   458 ||  1219
  Block: Buckler           |    15 |    45 |    37 |    65 |    88 |    86 |   219 ||   555

Table legend: (Time is in decaauts)
 A = Elapsed time spent in this place.
 B = Non-inter-level travel time spent in this place.
 C = Inter-level travel time spent in this place.
 D = Time resting spent in this place.
 E = Time spent auto-exploring this place.
 F = Levels seen in this place.
 G = Mean time per level.
                   A        B        C        D        E       F      G
               +--------+--------+--------+--------+--------+-----+--------+
         Total |  31319 |  28391 |   2928 |   1950 |  20203 |  37 |  846.5 |
       Dungeon |  11794 |  10537 |   1257 |    471 |   7789 |  14 |  842.4 |
        Temple |      1 |      1 |      0 |      0 |      0 |   1 |    1.0 |
          Lair |   4929 |   4532 |    397 |    147 |   3698 |   5 |  985.8 |
         Swamp |   2047 |   1935 |    112 |    124 |   1388 |   4 |  511.8 |
   Spider Nest |   5027 |   4732 |    295 |    255 |   3493 |   4 | 1256.8 |
  Orcish Mines |   1847 |   1576 |    271 |    113 |   1060 |   2 |  923.5 |
   Elven Halls |   3354 |   2879 |    475 |    723 |   1458 |   3 | 1118.0 |
        Vaults |   1797 |   1678 |    119 |    115 |   1221 |   2 |  898.5 |
         Abyss |    322 |    322 |      0 |      0 |      0 |   1 |  322.0 |
        Wizlab |    196 |    196 |      0 |      0 |     95 |   1 |  196.0 |
               +--------+--------+--------+--------+--------+-----+--------+

Top non-repeatable levels by time:
Vaults:1: 1623 daAuts
   Elf:3: 1582 daAuts
Spider:1: 1502 daAuts
    D:13: 1462 daAuts
Spider:3: 1424 daAuts
Spider:4: 1356 daAuts
   Orc:2: 1262 daAuts
  Lair:5: 1238 daAuts
  Lair:1: 1153 daAuts
  Lair:3: 1038 daAuts
     D:3: 999 daAuts
     D:8: 958 daAuts
   Elf:2: 939 daAuts
     D:6: 875 daAuts
   Elf:1: 832 daAuts
